 Dungeon Crawl Stone Soup version 0.27-a0-202-gdcb3803577 (webtiles) character file.

Game seed: 16540791563958506792

289 EnegeticOcto the Sneak (level 6, -3/36 HPs)
             Began as a Deep Elf Abyssal Knight on Jan 30, 2021.
             Was a Believer of Lugonu.
             Slain by an orc
             ... wielding a +0 flail
              (5 damage)
             ... on level 5 of the Dungeon.
             The game lasted 00:15:59 (3722 turns).

EnegeticOcto the Sneak (Deep Elf Abyssal Knight)    Turns: 3722, Time: 00:16:00

Health: -3/36      AC:  5    Str: 11    XL:     6   Next: 9%
Magic:  9/9        EV: 13    Int: 17    God:    Lugonu [**....]
Gold:   161        SH:  0    Dex: 14    Spells: 5/5 levels left

rFire    . . .     SeeInvis .   p - +1 dagger (venom)
rCold    . . .     Faith    .   (no shield)
rNeg     . . .     Spirit   .   b - +0 leather armour
rPois    .         Reflect  .   e - +1 helmet
rElec    .         Harm     .   (no cloak)
rCorr    .         Rampage  .   (no gloves)
Will     .....                  (no boots)
Stlth    ++........             (no amulet)
HPRegen  0.12/turn              (no ring)
MPRegen  0.11/turn              (no ring)

@: flying (expiring)
A: no striking features
a: Renounce Religion, Depart the Abyss, Bend Space


You were on level 5 of the Dungeon.
You worshipped Lugonu.
Lugonu was pleased with you.
You visited 1 branch of the dungeon, and saw 5 of its levels.
You visited the Abyss 1 time.

You collected 161 gold pieces.

Inventory:

Hand Weapons
 a - a +1 spear
 n - a +2 dagger of draining
   (You took it off an orc on level 3 of the Dungeon)
 p - a +1 dagger of venom (weapon)
   (You found it on level 3 of the Dungeon)
 r - a +0 shortbow
   (You found it on level 3 of the Dungeon)
Missiles
 g - 54 stones
 h - 36 sling bullets
 o - 2 boomerangs (quivered)
Armour
 b - a +0 leather armour (worn)
 e - a +1 helmet (worn)
   (You found it on level 1 of the Dungeon)
 j - a +0 kite shield
   (You found it on level 2 of the Dungeon)
Scrolls
 q - a scroll of fog {!r}
 u - a scroll of fear {unknown}
Potions
 f - a potion of attraction


   Skills:
 - Level 2.4 Fighting
 + Level 3.8 Short Blades
 - Level 2.0 Polearms
 - Level 0.7 Armour
 - Level 4.0 Dodging
 - Level 4.0 Stealth
 - Level 2.0 Invocations


You had 5 spell levels left.
You didn't know any spells.
Your spell library was empty.

Dungeon Overview and Level Annotations

Branches:
Dungeon (5/15)
 Temple: D:4-7

Altars:
Xom

Annotations:
D:2 Sigmund


Message History

You see here 17 stones.
A centaur comes into view.
The centaur wields a +0 shortbow.
The centaur shoots an arrow.
The arrow hits you!
Okay, then.
It was a potion of attraction.
You feel attractive to monsters.
It was a potion of cancellation.
Your magical effects are unravelling.
You feel magically purged. The orc is pulled toward you!
You feel less attractive to monsters.
It was a potion of curing.
You feel better. The orc closely misses you.
It was a potion of flight.
You feel very buoyant.
You fly up into the air.
The orc hits you with a +0 flail.
Okay, then.
Okay, then.
As you read the scroll labelled APAAGUC QAYRUSH, it crumbles to dust.
You feel blessed for a moment.
It was a scroll of remove curse.
The orc hits you with a +0 flail.
As you read the scroll labelled CAOHOPT LEMNO, it crumbles to dust.
You feel aware of your surroundings.
You sensed 1 altar, and 1 shop/portal.
It was a scroll of magic mapping.
The centaur unwields a +0 shortbow.
The centaur misses you. The orc closely misses you.
As you read the scroll labelled TAQIRCH TEAX, it crumbles to dust.
The scroll dissolves into smoke.
It was a scroll of fog.
The centaur barely misses you. The centaur closely misses you.
The orc hits you with a +0 short sword.
As you read the scroll labelled OVOJEC LAOCI, it crumbles to dust.
It is a scroll of enchant armour.
Your +0 helmet glows green for a moment.
The centaur hits you! The orc hits you with a +0 flail!
* * * LOW HITPOINT WARNING * * *
The centaur hits you but does no damage.
Okay, then.
Really quaff
c - a potion of heal wounds {@q2 !q}?
You feel much better. The centaur misses you.
You barely miss the centaur. The centaur closely misses you.
You hit the centaur but do no damage.
The centaur is poisoned.
The centaur hits you but does no damage.
The orc hits you but does no damage. The centaur barely misses you.
You hit the centaur.
The centaur is lightly wounded.
The orc closely misses you. The centaur closely misses you.
The orc barely misses you.
You hit the centaur.
The centaur looks even sicker.
The centaur is lightly wounded.
The centaur barely misses you. The orc closely misses you.
You hit the centaur but do no damage.
The centaur looks as sick as possible!
The centaur is moderately wounded.
The centaur barely misses you. The orc completely misses you.
The orc hits you but does no damage.
The centaur wields a +0 shortbow.
The centaur shoots an arrow.
The arrow hits you. The orc barely misses you. The orc closely misses you.
The centaur shoots an arrow.
The arrow hits you.
You hear a shout! x2
The orc barely misses you.
Really quaff
i - 3 potions of curing {@q1 !q}?
You feel better. The orc hits you with a +0 short sword.
The centaur unwields a +0 shortbow.
The centaur hits you.
You closely miss the centaur.
The centaur is heavily wounded.
The centaur hits you but does no damage.
You are starting to lose your buoyancy.
The orc hits you with a +0 short sword.
You hit the centaur but do no damage.
The centaur looks as sick as possible!
The centaur is heavily wounded.
The centaur hits you. The orc barely misses you. The centaur hits you.
Really quaff
i - 2 potions of curing {@q1 !q}?
You feel better. The centaur hits you!
The orc priest begins to cast a cantrip, but forgets the words!
The orc closely misses you.
Really quaff
i - a potion of curing {@q1 !q}?
You feel better. The centaur barely misses you. The orc barely misses you.
The orc closely misses you. The centaur completely misses you.
The orc barely misses you.
An orc comes into view. It is wielding a +0 dagger.
You barely miss the centaur.
The centaur is almost dead.
The orc barely misses you. The centaur hits you.
You hit the centaur but do no damage.
The centaur is almost dead.
You kill the centaur!
Lugonu accepts your kill. The orc completely misses you.
The orc hits you with a +0 short sword. The orc hits you with a +0 flail.
* * * LOW HITPOINT WARNING * * *
Your Short Blades skill increases to level 3!
You have reached level 6!
Your experience leads to an increase in your attributes!
Increase (s)trength, (i)ntelligence, or (d)exterity?
You feel stronger.
Okay, then.
As you read the scroll labelled VAANOCR ZOTAU, it crumbles to dust.
It is a scroll of amnesia.
You feel forgetful for a moment. The orc barely misses you.
The orc hits you with a +0 short sword.
* * * LOW HITPOINT WARNING * * *
The orc hits you with a +0 flail.
You die...

#o##**#.# #####
****#....##.###§..##
,,,,...o....##§§§..##
,****,,**#.(#§§§§...#
,* *,,* #...§§§§...#
,* **,**#.##o§§....#
,*****,,...*##.....##
,,,,,**####* ##ooo##
,***,∩,,,* ##@o##
,***,,,,,* ###...#
*,,,,,,,,* #....##
.,**,,,,,* #....#
****..,,,#####...##
,,,,...,,,..###.##
****#.#***#.# #.#
#.#####.###.#
#.##........#


You could see an orc priest and 4 orcs.

Vanquished Creatures
  A centaur (D:5)
  2 orc wizards (D:3)
  2 worker ants
  3 adders
  3 dart slugs (D:1)
  6 orcs
  11 bats
  8 giant cockroaches
  12 hobgoblins
  3 jackals (D:1)
  4 frilled lizards
  6 goblins
  A kobold (D:3)
  7 rats
69 creatures vanquished.

Notes
Turn   | Place    | Note
-------+----------+-------------------------------------------
     0 | Abyss:1  | EnegeticOcto the Deep Elf Abyssal Knight began the quest
                  | for the Orb.
     0 | Abyss:1  | Reached XP level 1. HP: 13/13 MP: 4/4
    10 | Abyss:1  | Found a corrupted altar of Lugonu.
    18 | D:1      | Escaped the Abyss
   131 | D:1      | Reached skill level 1 in Stealth
   170 | D:1      | Reached skill level 2 in Stealth
   232 | D:1      | Reached XP level 2. HP: 18/18 MP: 5/5
   277 | D:1      | Reached * piety under Lugonu
   437 | D:1      | Reached skill level 3 in Stealth
   688 | D:1      | Reached XP level 3. HP: 21/22 MP: 6/6
   883 | D:1      | Reached skill level 2 in Polearms
  1538 | D:2      | Found a shimmering altar of Xom.
  1539 | D:2      | Found a shimmering altar of Xom.
  1540 | D:2      | Found a shimmering altar of Xom.
  1540 | D:2      | Found a shimmering altar of Xom.
  1554 | D:2      | Found a shimmering altar of Xom.
  1756 | D:2      | Noticed Sigmund
  2323 | D:3      | Reached skill level 4 in Stealth
  2679 | D:2      | Reached ** piety under Lugonu
  2680 | D:2      | Reached XP level 4. HP: 24/26 MP: 7/7
  2927 | D:3      | Reached skill level 1 in Short Blades
  3012 | D:3      | Reached skill level 3 in Dodging
  3243 | D:4      | Reached skill level 2 in Short Blades
  3243 | D:4      | Reached XP level 5. HP: 31/31 MP: 8/8
  3514 | D:3      | Reached skill level 4 in Dodging
  3599 | D:5      | Entered Level 5 of the Dungeon
  3694 | D:5      | Noticed a centaur
  3721 | D:5      | Killed a centaur
  3722 | D:5      | Reached skill level 3 in Short Blades
  3722 | D:5      | Reached XP level 6. HP: 6/36 MP: 9/9
  3722 | D:5      | Slain by an orc

Illustrated notes

Levels and vault maps discovered:
D:1:      minmay_arrival_stair_chambers, layout_loops_corners
D:2:      layout_basic, xom_redecorated, uniq_sigmund
D:3:      layout_basic
D:4:      layout_basic, lemuel_doored_altar, minmay_temple_entry_trees
D:5:      layout_loops_cross, trog_eyes_of_draining, serial_shops, shop

Skill      XL: |  1  2  3  4  5 |
---------------+----------------+-----
Stealth        | 2 3 4 |  4.0
Polearms       | 2 |  2.0
Short Blades   | 2 3 |  3.8
Dodging        | 3 4 |  4.0
Fighting       | |  2.4
Armour         | |  0.7
Invocations    | |  2.0

Action                   |  1- 3 |  4- 6 || total
-------------------------+-------+-------++-------
Melee: Spear             |   159 |       ||   159
       Dagger            |    20 |    66 ||    86
Throw: Boomerang         |     2 |     8 ||    10
       Stone             |     1 |       ||     1
Invok: Depart the Abyss  |     1 |       ||     1
  Use: Scroll            |     3 |     5 ||     8
       Potion            |       |     8 ||     8
 Stab: Sleeping          |    13 |     4 ||    17
Armor: Leather armour    |    29 |    18 ||    47
Dodge: Dodged            |    72 |    57 ||   129

Table legend: (Time is in decaauts)
 A = Elapsed time spent in this place.
 B = Non-inter-level travel time spent in this place.
 C = Inter-level travel time spent in this place.
 D = Time resting spent in this place.
 E = Time spent auto-exploring this place.
 F = Levels seen in this place.
 G = Mean time per level.
                   A        B        C        D        E       F      G
               +--------+--------+--------+--------+--------+-----+--------+
         Total |   3726 |   3438 |    288 |    797 |    676 |   6 |  621.0 |
       Dungeon |   3708 |   3420 |    288 |    797 |    676 |   5 |  741.6 |
         Abyss |     18 |     18 |      0 |      0 |      0 |   1 |   18.0 |
               +--------+--------+--------+--------+--------+-----+--------+

Top non-repeatable levels by time:
     D:1: 1367 daAuts
     D:3: 1213 daAuts
     D:2: 837 daAuts
     D:4: 169 daAuts
     D:5: 121 daAuts
 Abyss:1: 18 daAuts
